 Dungeon Crawl Stone Soup version 0.17-a0-877-ga10078a (webtiles) character file.

2 RobertPalmer the Insei (level 1, 0/9 HPs)
             Began as a Vine Stalker Transmuter on Apr 30, 2015.
             Succumbed to a kobold's poison
             ... on level 1 of the Dungeon.
             The game lasted 00:00:12 (16 turns).

RobertPalmer the Insei (Vine Stalker Transmuter)      Turns: 16, Time: 00:00:12

Health: 0/9        AC:  3    Str: 12    XL:     1   Next: 30%
Magic:  3/4        EV: 12    Int: 13    God:
Gold:   0          SH:  0    Dex: 14    Spells: 1 memorised, 3 levels left

rFire  . . .     SeeInvis .       - Unarmed
rCold  . . .     Clarity  .     b - +0 robe
rNeg   . . .     SustAb   .     (no shield)
rPois  .         Gourm    .     (no helmet)
rElec  .         Spirit   +     (no cloak)
rCorr  .         Warding  .     (no gloves)
rMut   .         Stasis   .     (no boots)
MR     .....                    (no amulet)
Stlth  +.........               (no ring)
                                (no ring)

@: lethally poisoned (0 -> -2), not resistant to hostile enchantments, very
unstealthy
A: fangs 2, regeneration 1, shaggy fur 1, magic shield, antimagic bite, no
device heal 3, rot immunity
a: no special abilities


You were on level 1 of the Dungeon.
You were not hungry.

You visited 1 branch of the dungeon, and saw 1 of its levels.

Inventory:

Missiles
 a - 12 arrows
Armour
 b - a +0 robe (worn)
Books
 c - a book of Changes
Comestibles
 d - a bread ration {@e1}


   Skills:
 - Level 0.8 Fighting
 - Level 1.5 Dodging
 + Level 3.1 Unarmed Combat
 - Level 2.1 Spellcasting
 - Level 2.0 Transmutations


You had 3 spell levels left.
You knew the following spells:

 Your Spells              Type           Power        Failure   Level  Hunger
a - Beastly Appendage     Trmt           #.....       12%         1    ##.....


Dungeon Overview and Level Annotations

Branches:
Dungeon (1/15)

Altars:


Innate Abilities, Weirdness & Mutations

You have extremely sharp teeth.
Your natural rate of healing is unusually fast.
You are covered in fur (AC +1).
When hurt, damage is shared between your health and your magic reserves.
Your bite disrupts and absorbs the magic of your enemies.
Potions and wands cannot restore your health.
You are immune to rotting.


Message History

Welcome, RobertPalmer the Vine Stalker Transmuter.
Will you be the one to retrieve the fabulous Orb of Zot from the depths?
Found a bread ration.
Found a staircase leading out of the dungeon.
A kobold comes into view. It is wielding a short sword of venom.
The kobold shouts!
The kobold throws a stone.
The stone hits you.
Found an escape hatch in the floor.
You see here a stone.
You take 1 damage, and have 8/9 hp.
You now have 3/4 mp.
A kobold is nearby!
A kobold is nearby!
A kobold is nearby!
No target in view!
No target in view!
A giant newt and a rat come into view.
You miss the kobold. You bite the kobold, but do no damage. You hit the kobold.
Your bite misses the kobold. The kobold hits you but does no damage.
You are poisoned.
Health restored: 9 You closely miss the kobold.
You feel sick. The kobold barely misses you. The giant newt barely misses you.
You take 1 damage, and have 8/9 hp.
You hit the kobold.
You kill the kobold!
You feel sick. The rat barely misses you.
The giant newt bites you but does no damage.
You take 1 damage, and have 7/9 hp.
You feel sick. The rat bites you but does no damage. The giant newt bites you.
You see here a short sword of venom.
You take 3 damage, and have 4/9 hp.
MASSIVE DAMAGE!!
You hit the giant newt but do no damage.
The rat barely misses you. The giant newt barely misses you.
You closely miss the rat. You bite the rat. You drain its power.
You feel invigorated.
You feel sick. The rat bites you.
* * * LOW HITPOINT WARNING * * *
You take 2 damage, and have 2/9 hp.
MASSIVE DAMAGE!!
You barely miss the giant newt. Your bite misses the giant newt.
The giant newt bites you.
* * * LOW HITPOINT WARNING * * *
The rat closely misses you.
You now have 2/4 mp.
Unknown command.
You hit the rat.
You kill the rat!
* * * LOW HITPOINT WARNING * * *
You feel sick. The giant newt barely misses you.
You take 1 damage, and have 1/9 hp.
Unknown command.
You closely miss the giant newt.
You bite the giant newt, but do no damage.
The giant newt barely misses you.
You aren't carrying any potions.
You closely miss the giant newt. Your bite misses the giant newt.
You die...

###### #### .....
...#
###...###...##
#.............#
#.....@l......#
#....###...###...
. #<......#
.....#.......#...#
#......(......#
#......#......#
#.............#
....#......%#...
....#......># ..


You could see a giant newt.

Vanquished Creatures
  A kobold (D:1)
  A rat (D:1)
2 creatures vanquished.

Notes
Turn   | Place    | Note
--------------------------------------------------------------
     0 | D:1      | RobertPalmer, the Vine Stalker Transmuter, began the quest for the Orb.
     0 | D:1      | Reached XP level 1. HP: 9/9 MP: 4/4
    12 | D:1      | HP: 2/9 [rat (1)]
    16 | D:1      | Succumbed to a kobold's poison

Action                   || total
-------------------------++-------
Melee: Unarmed           ||    10

Vault maps used:
D:1:      minmay_arrival_open_corners, hangedman_decor_peaks_small

Table legend:
 A = Turns spent in this place as a percentage of turns spent in the entire game.
 B = Non-inter-level travel turns spent in this place as a percentage of non-inter-level travel turns spent in the entire game.
 C = Inter-level travel turns spent in this place as a percentage of turns spent in this place.
 D = Turns resting spent in this place as a percentage of non-inter-level travel turns spent in this place.
 E = Turns spent auto-exploring this place as a percentage of non-inter-level travel turns spent in this place.
 F = Non-inter-level travel turns spent in this place divided by the number of levels of this place that you've seen.
                   A       B       C       D       E      F
               +-------+-------+-------+-------+-------+----------------------
         Total | 100.0 | 100.0 |   0.0 |   0.0 |   4.3 |  23.0
       Dungeon | 100.0 | 100.0 |   0.0 |   0.0 |   4.3 |  23.0
               +-------+-------+-------+-------+-------+----------------------

Table legend:
 A = Kills in this place as a percentage of kills in entire the game.
 B = Kills by you in this place as a percentage of kills by you in the entire game.
 C = Kills by friends in this place as a percentage of kills by friends in the entire game.
 D = Other kills in this place as a percentage of other kills in the entire game.
 E = Experience gained in this place as a percentage of experience gained in the entire game.
 F = Experience gained in this place divided by the number of levels of this place that you have seen.
                   A       B       C       D       E      F
               +-------+-------+-------+-------+-------+----------------------
         Total | 100.0 | 100.0 |  -nan |  -nan | 100.0 |   3.0
       Dungeon | 100.0 | 100.0 |  -nan |  -nan | 100.0 |   3.0
               +-------+-------+-------+-------+-------+----------------------
